[ AOE2 MATCH · #469160484 ]
UnrankedKhmer vs Bengalis
[ REPLAY ANALYSIS · EXTRACTED FROM THE RECORDED GAME ]
Feudal
11:48
Castle
14:28
Imperial
39:58
| APM avg | 41.2 |
| APM peak | 73 |
| eAPM avg | 28.7 |
| Villagers / military | 178 / 126 |
Focus
⚔️ 24.1% · 🌾 75.9%
Battle Elephant ×126 · Trade Cart ×39 · Fishing Ship ×4
Feudal
11:06
Castle
18:05
Imperial
—
| APM avg | 47.7 |
| APM peak | 116 |
| eAPM avg | 31.8 |
| Villagers / military | 200 / 6 |
Focus
⚔️ 17.2% · 🌾 82.8%
Trade Cart ×11 · Monk ×6 · Fishing Ship ×3
Feudal
12:08
Castle
16:56
Imperial
31:23
| APM avg | 37.7 |
| APM peak | 74 |
| eAPM avg | 20.6 |
| Villagers / military | 156 / 21 |
Focus
⚔️ 27.2% · 🌾 72.8%
Spearman ×17 · Warrior Priest ×3 · Militia ×1
Feudal
10:36
Castle
14:11
Imperial
26:38
| APM avg | 35.9 |
| APM peak | 111 |
| eAPM avg | 20.5 |
| Villagers / military | 136 / 141 |
Focus
⚔️ 29.1% · 🌾 70.9%
Unknown (882) ×205 · Spearman ×134 · Mangonel ×7
Feudal
11:35
Castle
15:11
Imperial
29:27
| APM avg | 44.5 |
| APM peak | 102 |
| eAPM avg | 27.3 |
| Villagers / military | 181 / 109 |
Focus
⚔️ 34.6% · 🌾 65.4%
Cavalry Archer ×58 · Skirmisher ×39 · Trade Cart ×13 · Trebuchet (Packed) ×10 · Archer ×1 · Keshik ×1
Feudal
12:18
Castle
15:48
Imperial
27:19
| APM avg | 39.8 |
| APM peak | 68 |
| eAPM avg | 25.3 |
| Villagers / military | 151 / 104 |
Focus
⚔️ 25.1% · 🌾 74.9%
Genoese Crossbowman ×91 · Trade Cart ×35 · Fishing Ship ×23 · Bombard Cannon ×10 · Battering Ram ×2 · Monk ×1
Feudal
13:15
Castle
17:04
Imperial
28:33
| APM avg | 40.0 |
| APM peak | 81 |
| eAPM avg | 23.3 |
| Villagers / military | 130 / 88 |
Focus
⚔️ 33.1% · 🌾 66.9%
Knight ×84 · Trade Cart ×10 · Teutonic Knight ×3 · Monk ×1
Feudal
12:42
Castle
16:17
Imperial
20:47
| APM avg | 69.2 |
| APM peak | 129 |
| eAPM avg | 45.3 |
| Villagers / military | 104 / 179 |
Focus
⚔️ 50.1% · 🌾 49.9%
Hand Cannoneer ×133 · Bombard Cannon ×35 · Fishing Ship ×19 · Cavalry Archer ×11 · Unknown (1795) ×5
Match map
Initial resources + every placement click. Lines = walls · curves = elevation contours. ◆ gold · ⬟ stone · ● berries · ✦ relic · ◌ wall gap
Your base· ✓ Closed at 14:28 · 0t walls · no gate
MrDJM's base· ✓ Closed at 18:05 · 36t walls · no gate
Malelf's base· ✓ Closed at 16:56 · 94t walls · no gate
Dott_Berlu's base· ✓ Closed at 14:11 · 0t walls · no gate
Simvall's base· ✓ Closed at 15:11 · 0t walls · no gate
RoR | Vodka_L_'s base· ✓ Closed at 15:48 · 0t walls · no gate
01DarkDevil's base· ✓ Closed at 17:04 · 41t walls · no gate
RoR | Ammiraglio's base· ✓ Closed at 16:17 · 33t walls · no gate
Smoothed initial terrain · ◌ = detected wall gap · hover for details
Inputs per minute
— Marco Aurelio - - MrDJM
Build order — Marco Aurelio
First 150 of 524 actions detected
| 0:01 | Create | Villager (Male) |
| 0:01 | Create | Villager (Male) |
| 0:02 | Create | Villager (Male) |
| 0:03 | Build | House |
| 0:03 | Build | House |
| 0:17 | Create | Villager (Male) |
| 0:17 | Create | Villager (Male) |
| 1:25 | Create | Villager (Male) |
| 1:25 | Create | Villager (Male) |
| 2:02 | Create | Villager (Male) |
| 2:02 | Create | Villager (Male) |
| 2:04 | Build | Lumber Camp |
| 2:18 | Create | Villager (Male) |
| 2:49 | Create | Villager (Male) |
| 2:49 | Create | Villager (Male) |
| 3:02 | Create | Villager (Male) |
| 3:02 | Create | Villager (Male) |
| 3:36 | Create | Villager (Male) |
| 3:36 | Create | Villager (Male) |
| 3:48 | Build | House |
| 4:00 | Create | Villager (Male) |
| 4:01 | Create | Villager (Male) |
| 4:20 | Build | Dock |
| 4:36 | Create | Villager (Male) |
| 5:00 | Create | Villager (Male) |
| 5:00 | Create | Villager (Male) |
| 5:05 | Create | Fishing Ship |
| 5:15 | Build | House |
| 5:20 | Create | Villager (Male) |
| 5:35 | Create | Villager (Male) |
| 5:58 | Create | Villager (Male) |
| 6:01 | Create | Fishing Ship |
| 6:08 | Build | House |
| 6:21 | Create | Villager (Male) |
| 6:53 | Build | Lumber Camp |
| 6:55 | Create | Villager (Male) |
| 6:58 | Research | Loom |
| 7:22 | Create | Fishing Ship |
| 7:22 | Create | Fishing Ship |
| 7:55 | Build | Mill |
| 7:57 | Create | Villager (Male) |
| 7:58 | Create | Villager (Male) |
| 8:09 | Create | Villager (Male) |
| 8:31 | Create | Villager (Male) |
| 8:36 | Build | Mining Camp |
| 9:37 | Research | Feudal Age |
| 9:38 | Research | Feudal Age |
| 9:54 | Create | Villager (Male) |
| 9:55 | Create | Villager (Male) |
| 10:38 | Create | Villager (Male) |
| 11:48 | Age | Feudal Age |
| 11:48 | Research | Castle Age |
| 11:48 | Research | Castle Age |
| 12:24 | Research | Horse Collar |
| 12:27 | Build | House |
| 12:31 | Build | Farm |
| 12:41 | Build | Farm |
| 12:42 | Build | Farm |
| 12:43 | Build | Farm |
| 12:44 | Build | Farm |
| 12:46 | Research | Double-Bit Axe |
| 12:48 | Build | Farm |
| 12:50 | Build | Farm |
| 12:52 | Build | Farm |
| 13:09 | Build | Farm |
| 13:14 | Create | Villager (Male) |
| 14:28 | Age | Castle Age |
| 14:37 | Research | Bow Saw |
| 14:37 | Build | Town Center |
| 14:57 | Create | Villager (Male) |
| 14:59 | Build | Town Center |
| 15:06 | Create | Villager (Male) |
| 15:10 | Research | Heavy Plow |
| 15:28 | Create | Villager (Male) |
| 15:50 | Build | Farm |
| 15:55 | Build | Farm |
| 15:56 | Build | Farm |
| 15:57 | Build | Farm |
| 16:05 | Create | Villager (Male) |
| 16:11 | Create | Villager (Male) |
| 16:11 | Create | Villager (Male) |
| 16:20 | Build | Market |
| 16:22 | Create | Villager (Male) |
| 16:32 | Create | Villager (Male) |
| 16:32 | Create | Villager (Male) |
| 16:32 | Create | Villager (Male) |
| 16:36 | Build | Farm |
| 16:41 | Build | Farm |
| 16:44 | Create | Villager (Male) |
| 17:01 | Build | Farm |
| 17:03 | Build | Farm |
| 17:06 | Build | Farm |
| 17:11 | Create | Villager (Male) |
| 17:11 | Create | Villager (Male) |
| 17:21 | Create | Villager (Male) |
| 17:45 | Build | Town Center |
| 17:47 | Create | Villager (Male) |
| 17:47 | Create | Villager (Male) |
| 17:48 | Create | Villager (Male) |
| 17:54 | Build | House |
| 17:59 | Research | Wheelbarrow |
| 17:59 | Research | Wheelbarrow |
| 18:02 | Build | House |
| 18:04 | Create | Villager (Male) |
| 18:10 | Build | Farm |
| 18:14 | Create | Villager (Male) |
| 18:27 | Build | Fish Trap |
| 18:31 | Create | Villager (Male) |
| 18:35 | Build | Fish Trap |
| 18:57 | Build | Fish Trap |
| 19:03 | Create | Villager (Male) |
| 19:04 | Create | Villager (Male) |
| 19:04 | Create | Villager (Male) |
| 19:04 | Create | Villager (Male) |
| 19:07 | Build | Farm |
| 19:08 | Build | Farm |
| 19:11 | Build | Farm |
| 19:12 | Create | Villager (Male) |
| 19:12 | Create | Villager (Male) |
| 19:18 | Create | Villager (Male) |
| 19:21 | Build | Farm |
| 19:26 | Build | Farm |
| 19:32 | Build | Farm |
| 19:33 | Create | Villager (Male) |
| 19:33 | Create | Villager (Male) |
| 19:33 | Create | Villager (Male) |
| 19:42 | Build | Farm |
| 19:44 | Create | Villager (Male) |
| 19:52 | Build | Farm |
| 19:53 | Build | Farm |
| 19:54 | Create | Villager (Male) |
| 19:54 | Create | Villager (Male) |
| 19:55 | Create | Villager (Male) |
| 20:01 | Create | Villager (Male) |
| 20:03 | Build | House |
| 20:06 | Build | House |
| 20:11 | Build | Stable |
| 20:20 | Research | Coinage |
| 20:21 | Research | Coinage |
| 20:27 | Create | Villager (Male) |
| 20:31 | Build | Farm |
| 20:32 | Build | Farm |
| 20:33 | Build | Farm |
| 20:34 | Create | Villager (Male) |
| 20:35 | Create | Villager (Male) |
| 20:40 | Build | House |
| 20:42 | Build | House |
| 20:42 | Build | House |
| 20:43 | Create | Villager (Male) |
| 20:44 | Create | Villager (Male) |
Build order — MrDJM
First 150 of 410 actions detected
| 0:00 | Create | Villager (Male) |
| 0:00 | Create | Villager (Male) |
| 0:00 | Create | Villager (Male) |
| 0:00 | Create | Villager (Male) |
| 0:02 | Build | House |
| 0:03 | Build | House |
| 1:22 | Research | Loom |
| 1:23 | Create | Villager (Male) |
| 1:23 | Create | Villager (Male) |
| 2:01 | Create | Villager (Male) |
| 2:01 | Create | Villager (Male) |
| 2:18 | Create | Villager (Male) |
| 2:18 | Create | Villager (Male) |
| 2:37 | Build | Palisade Wall |
| 3:02 | Create | Villager (Male) |
| 3:02 | Create | Villager (Male) |
| 3:04 | Create | Villager (Male) |
| 3:04 | Create | Villager (Male) |
| 3:28 | Build | Lumber Camp |
| 3:34 | Build | Palisade Wall |
| 3:36 | Build | Palisade Wall |
| 3:40 | Create | Villager (Male) |
| 3:40 | Create | Villager (Male) |
| 3:55 | Create | Villager (Male) |
| 3:55 | Create | Villager (Male) |
| 4:05 | Build | Palisade Wall |
| 4:13 | Build | Palisade Wall |
| 4:37 | Create | Villager (Male) |
| 4:37 | Create | Villager (Male) |
| 5:05 | Build | House |
| 5:07 | Create | Villager (Male) |
| 5:07 | Create | Villager (Male) |
| 5:15 | Create | Villager (Male) |
| 5:15 | Create | Villager (Male) |
| 5:19 | Build | Palisade Wall |
| 6:06 | Create | Villager (Male) |
| 6:06 | Create | Villager (Male) |
| 6:15 | Create | Villager (Male) |
| 6:15 | Create | Villager (Male) |
| 6:21 | Create | Villager (Male) |
| 6:21 | Create | Villager (Male) |
| 7:00 | Build | Mill |
| 7:29 | Build | House |
| 7:38 | Create | Villager (Male) |
| 7:38 | Create | Villager (Male) |
| 8:26 | Create | Villager (Male) |
| 8:55 | Research | Feudal Age |
| 9:17 | Create | Villager (Male) |
| 9:17 | Create | Villager (Male) |
| 9:52 | Build | Dock |
| 10:41 | Create | Fishing Ship |
| 10:42 | Create | Fishing Ship |
| 10:56 | Build | House |
| 11:06 | Age | Feudal Age |
| 11:10 | Research | Wheelbarrow |
| 11:21 | Build | House |
| 11:39 | Build | Stone Wall |
| 12:31 | Build | Mining Camp |
| 12:31 | Create | Villager (Male) |
| 12:31 | Create | Villager (Male) |
| 12:42 | Build | Stone Wall |
| 12:55 | Build | Stone Wall |
| 13:06 | Build | Lumber Camp |
| 13:13 | Build | Stone Wall |
| 13:24 | Build | Stone Wall |
| 13:26 | Create | Villager (Male) |
| 13:26 | Create | Villager (Male) |
| 13:56 | Build | Market |
| 14:12 | Create | Villager (Male) |
| 14:33 | Build | Blacksmith |
| 14:42 | Create | Villager (Male) |
| 14:50 | Build | Farm |
| 14:56 | Create | Fishing Ship |
| 15:25 | Research | Castle Age |
| 15:25 | Research | Castle Age |
| 15:37 | Build | Stone Wall |
| 15:59 | Build | Stone Wall |
| 16:17 | Build | Mill |
| 16:33 | Build | Stone Wall |
| 16:36 | Build | Farm |
| 16:37 | Build | Farm |
| 16:37 | Build | Farm |
| 16:37 | Build | Farm |
| 16:37 | Build | Farm |
| 16:45 | Research | Double-Bit Axe |
| 16:45 | Research | Horse Collar |
| 17:02 | Build | Farm |
| 17:05 | Build | Farm |
| 17:19 | Build | House |
| 17:20 | Build | House |
| 17:40 | Build | Stone Wall |
| 17:41 | Build | Stone Wall |
| 18:02 | Build | Stone Wall |
| 18:05 | Age | Castle Age |
| 18:20 | Research | Bow Saw |
| 18:20 | Research | Heavy Plow |
| 18:20 | Create | Villager (Male) |
| 18:20 | Create | Villager (Male) |
| 18:29 | Build | House |
| 18:35 | Create | Villager (Male) |
| 18:35 | Create | Villager (Male) |
| 18:51 | Build | Town Center |
| 18:55 | Create | Villager (Male) |
| 18:55 | Create | Villager (Male) |
| 19:14 | Build | Farm |
| 19:16 | Build | Farm |
| 19:24 | Build | Farm |
| 19:37 | Build | Farm |
| 19:47 | Create | Villager (Male) |
| 19:47 | Create | Villager (Male) |
| 19:52 | Create | Villager (Male) |
| 19:52 | Create | Villager (Male) |
| 19:56 | Build | Palisade Wall |
| 19:57 | Build | Farm |
| 20:00 | Build | Mining Camp |
| 20:00 | Create | Villager (Male) |
| 20:00 | Create | Villager (Male) |
| 20:03 | Build | Farm |
| 20:06 | Build | Farm |
| 20:38 | Build | Outpost |
| 20:40 | Create | Villager (Male) |
| 20:40 | Create | Villager (Male) |
| 21:08 | Build | Monastery |
| 21:25 | Build | Barracks |
| 21:30 | Build | Stone Wall |
| 21:35 | Create | Villager (Male) |
| 21:35 | Create | Villager (Male) |
| 21:46 | Create | Villager (Male) |
| 21:46 | Create | Villager (Male) |
| 22:09 | Build | House |
| 22:23 | Build | Monastery |
| 22:25 | Create | Villager (Male) |
| 22:25 | Create | Villager (Male) |
| 22:30 | Build | Stone Wall |
| 22:32 | Build | Stone Wall |
| 22:40 | Create | Villager (Male) |
| 22:40 | Create | Villager (Male) |
| 22:49 | Create | Monk |
| 22:59 | Create | Villager (Male) |
| 22:59 | Create | Villager (Male) |
| 23:34 | Create | Monk |
| 23:47 | Build | House |
| 23:53 | Build | University |
| 24:00 | Build | Stone Wall |
| 24:02 | Build | Stone Wall |
| 24:10 | Build | House |
| 24:12 | Build | Stone Wall |
| 24:17 | Create | Villager (Male) |
| 24:17 | Create | Villager (Male) |
| 24:22 | Create | Monk |
Build order — Malelf
First 150 of 395 actions detected
| 0:01 | Create | Villager (Male) |
| 0:01 | Create | Villager (Male) |
| 0:01 | Create | Villager (Male) |
| 0:03 | Build | House |
| 0:04 | Build | House |
| 0:21 | Create | Villager (Male) |
| 1:31 | Create | Villager (Male) |
| 2:06 | Build | Mule Cart |
| 2:11 | Create | Villager (Male) |
| 2:38 | Create | Villager (Male) |
| 3:04 | Create | Villager (Male) |
| 3:09 | Build | House |
| 3:25 | Create | Villager (Male) |
| 3:37 | Build | Palisade Wall |
| 3:47 | Create | Villager (Male) |
| 4:06 | Create | Villager (Male) |
| 4:30 | Create | Villager (Male) |
| 4:45 | Create | Villager (Male) |
| 4:59 | Research | Loom |
| 4:59 | Create | Villager (Male) |
| 5:08 | Create | Villager (Male) |
| 5:35 | Build | Palisade Wall |
| 5:38 | Create | Villager (Male) |
| 5:45 | Build | House |
| 5:49 | Create | Villager (Male) |
| 6:04 | Build | Palisade Wall |
| 6:06 | Build | Palisade Wall |
| 6:09 | Build | Palisade Wall |
| 6:15 | Build | Palisade Wall |
| 6:26 | Create | Villager (Male) |
| 6:40 | Create | Villager (Male) |
| 6:46 | Build | House |
| 7:01 | Build | Palisade Wall |
| 7:04 | Build | Palisade Wall |
| 7:07 | Build | Palisade Wall |
| 7:11 | Build | Palisade Wall |
| 7:13 | Build | Palisade Wall |
| 7:15 | Build | Palisade Wall |
| 7:19 | Create | Villager (Male) |
| 7:21 | Build | Palisade Wall |
| 7:38 | Create | Villager (Male) |
| 7:59 | Create | Villager (Male) |
| 8:42 | Create | Villager (Male) |
| 8:56 | Create | Villager (Male) |
| 9:21 | Build | Mill |
| 9:28 | Create | Villager (Male) |
| 9:58 | Research | Feudal Age |
| 10:39 | Build | Mule Cart |
| 10:57 | Build | House |
| 10:58 | Build | House |
| 11:05 | Build | House |
| 11:24 | Create | Villager (Male) |
| 11:25 | Create | Villager (Male) |
| 11:48 | Build | House |
| 12:08 | Age | Feudal Age |
| 12:16 | Build | Stone Wall |
| 12:31 | Build | Market |
| 12:35 | Build | Blacksmith |
| 12:58 | Create | Villager (Male) |
| 13:06 | Build | Stone Wall |
| 13:24 | Create | Villager (Male) |
| 13:41 | Build | Stone Wall |
| 13:50 | Create | Villager (Male) |
| 13:59 | Build | Stone Wall |
| 14:17 | Research | Castle Age |
| 14:17 | Research | Castle Age |
| 14:36 | Build | Stone Wall |
| 14:53 | Build | Stone Wall |
| 14:58 | Build | Stone Wall |
| 15:01 | Build | Stone Wall |
| 15:07 | Create | Villager (Male) |
| 15:11 | Build | House |
| 15:17 | Research | Double-Bit Axe |
| 15:25 | Build | Farm |
| 15:26 | Build | Farm |
| 15:29 | Build | Farm |
| 15:32 | Build | Farm |
| 15:34 | Build | Farm |
| 15:39 | Build | Farm |
| 15:47 | Research | Horse Collar |
| 15:51 | Build | House |
| 16:11 | Build | Outpost |
| 16:22 | Build | Outpost |
| 16:24 | Create | Villager (Male) |
| 16:27 | Build | Farm |
| 16:29 | Build | Farm |
| 16:32 | Create | Villager (Male) |
| 16:46 | Create | Villager (Male) |
| 16:56 | Age | Castle Age |
| 17:08 | Build | Town Center |
| 17:09 | Create | Villager (Male) |
| 17:21 | Create | Villager (Male) |
| 17:29 | Create | Villager (Male) |
| 17:39 | Build | Watch Tower |
| 17:49 | Create | Villager (Male) |
| 18:04 | Research | Bow Saw |
| 18:04 | Research | Bow Saw |
| 18:35 | Build | Town Center |
| 18:36 | Create | Villager (Male) |
| 18:51 | Create | Villager (Male) |
| 18:52 | Research | Heavy Plow |
| 18:55 | Create | Villager (Male) |
| 19:06 | Build | Farm |
| 19:10 | Build | Farm |
| 19:13 | Create | Villager (Male) |
| 19:17 | Build | Farm |
| 19:20 | Build | Farm |
| 19:21 | Create | Villager (Male) |
| 19:36 | Build | Farm |
| 19:36 | Create | Villager (Male) |
| 19:39 | Build | Farm |
| 19:46 | Create | Villager (Male) |
| 19:48 | Build | Farm |
| 19:57 | Build | Farm |
| 19:57 | Create | Villager (Male) |
| 20:18 | Build | Farm |
| 20:18 | Create | Villager (Male) |
| 20:21 | Create | Villager (Male) |
| 20:27 | Create | Villager (Male) |
| 20:44 | Build | Monastery |
| 20:46 | Create | Villager (Male) |
| 20:49 | Build | Farm |
| 20:53 | Build | Farm |
| 20:54 | Create | Villager (Male) |
| 20:55 | Create | Villager (Male) |
| 20:58 | Create | Villager (Male) |
| 21:26 | Create | Villager (Male) |
| 21:26 | Create | Villager (Male) |
| 21:40 | Build | Town Center |
| 21:42 | Create | Warrior Priest |
| 21:47 | Create | Villager (Male) |
| 21:47 | Create | Villager (Male) |
| 21:47 | Create | Villager (Male) |
| 21:51 | Build | Farm |
| 21:54 | Build | Farm |
| 21:59 | Create | Villager (Male) |
| 22:01 | Build | Farm |
| 22:08 | Build | Farm |
| 22:11 | Build | Farm |
| 22:15 | Build | Farm |
| 22:15 | Build | Farm |
| 22:16 | Create | Villager (Male) |
| 22:19 | Build | Farm |
| 22:19 | Create | Villager (Male) |
| 22:22 | Build | House |
| 22:23 | Build | House |
| 22:24 | Create | Villager (Male) |
| 22:26 | Build | House |
| 22:29 | Build | House |
| 22:29 | Create | Villager (Male) |
Build order — Dott_Berlu
First 150 of 374 actions detected
| 0:00 | Create | Villager (Male) |
| 0:00 | Create | Villager (Male) |
| 0:01 | Create | Villager (Male) |
| 0:01 | Create | Villager (Male) |
| 0:01 | Create | Villager (Male) |
| 0:03 | Build | House |
| 0:04 | Build | House |
| 0:25 | Build | House |
| 1:28 | Create | Villager (Male) |
| 2:05 | Create | Villager (Male) |
| 2:20 | Create | Villager (Male) |
| 2:30 | Build | Lumber Camp |
| 2:40 | Create | Villager (Male) |
| 2:41 | Create | Villager (Male) |
| 2:56 | Create | Villager (Male) |
| 3:08 | Create | Villager (Male) |
| 3:57 | Create | Villager (Male) |
| 3:57 | Create | Villager (Male) |
| 4:02 | Create | Villager (Male) |
| 4:43 | Create | Villager (Male) |
| 4:47 | Create | Villager (Male) |
| 5:04 | Build | House |
| 5:07 | Build | House |
| 5:29 | Build | Mill |
| 5:47 | Create | Villager (Male) |
| 5:47 | Create | Villager (Male) |
| 5:53 | Research | Loom |
| 5:57 | Create | Villager (Male) |
| 6:41 | Create | Villager (Male) |
| 6:41 | Create | Villager (Male) |
| 7:11 | Create | Villager (Male) |
| 7:11 | Create | Villager (Male) |
| 7:41 | Create | Villager (Male) |
| 8:08 | Build | Mining Camp |
| 8:26 | Research | Feudal Age |
| 9:14 | Build | Mill |
| 10:17 | Create | Villager (Male) |
| 10:17 | Create | Villager (Male) |
| 10:36 | Age | Feudal Age |
| 10:44 | Build | Market |
| 10:46 | Build | Blacksmith |
| 11:31 | Research | Castle Age |
| 12:20 | Research | Double-Bit Axe |
| 12:20 | Research | Horse Collar |
| 14:11 | Age | Castle Age |
| 14:13 | Create | Villager (Male) |
| 14:17 | Build | Town Center |
| 14:20 | Research | Bow Saw |
| 14:30 | Build | Town Center |
| 14:35 | Create | Villager (Male) |
| 14:50 | Build | Farm |
| 14:57 | Build | Farm |
| 15:00 | Create | Villager (Male) |
| 15:05 | Build | Farm |
| 15:16 | Build | Farm |
| 15:19 | Create | Villager (Male) |
| 15:28 | Build | Farm |
| 15:29 | Create | Villager (Male) |
| 15:40 | Build | Farm |
| 15:47 | Create | Villager (Male) |
| 15:53 | Build | Farm |
| 16:06 | Build | Farm |
| 16:10 | Build | Farm |
| 16:15 | Create | Villager (Male) |
| 16:17 | Build | Farm |
| 16:22 | Create | Villager (Male) |
| 16:28 | Build | Farm |
| 16:31 | Build | Farm |
| 16:45 | Create | Villager (Male) |
| 16:51 | Build | Farm |
| 16:54 | Build | Farm |
| 16:55 | Create | Villager (Male) |
| 17:04 | Create | Villager (Male) |
| 17:08 | Build | Farm |
| 17:11 | Build | Farm |
| 17:27 | Create | Villager (Male) |
| 17:28 | Create | Villager (Male) |
| 17:38 | Build | Farm |
| 17:41 | Build | Farm |
| 17:48 | Create | Villager (Male) |
| 17:49 | Create | Villager (Male) |
| 17:53 | Build | Farm |
| 17:58 | Build | House |
| 18:03 | Build | Farm |
| 18:05 | Create | Villager (Male) |
| 18:11 | Build | House |
| 18:12 | Build | House |
| 18:20 | Build | Farm |
| 18:22 | Create | Villager (Male) |
| 18:22 | Create | Villager (Male) |
| 18:29 | Create | Villager (Male) |
| 18:34 | Build | Farm |
| 18:45 | Build | Farm |
| 18:53 | Research | Wheelbarrow |
| 18:53 | Create | Villager (Male) |
| 18:57 | Create | Villager (Male) |
| 19:02 | Build | Farm |
| 19:09 | Build | House |
| 19:11 | Create | Villager (Male) |
| 19:17 | Create | Villager (Male) |
| 19:18 | Create | Villager (Male) |
| 19:23 | Build | Farm |
| 19:33 | Build | House |
| 19:43 | Build | Farm |
| 19:48 | Research | Heavy Plow |
| 19:51 | Create | Villager (Male) |
| 19:51 | Create | Villager (Male) |
| 20:04 | Build | Farm |
| 20:10 | Build | Farm |
| 20:11 | Create | Villager (Male) |
| 20:11 | Create | Villager (Male) |
| 20:28 | Build | Farm |
| 20:31 | Build | Farm |
| 20:32 | Create | Villager (Male) |
| 20:32 | Create | Villager (Male) |
| 20:32 | Create | Villager (Male) |
| 20:33 | Create | Villager (Male) |
| 20:33 | Create | Villager (Male) |
| 20:33 | Create | Villager (Male) |
| 20:43 | Build | Farm |
| 20:50 | Build | House |
| 20:52 | Build | House |
| 20:54 | Build | House |
| 20:56 | Create | Villager (Male) |
| 20:56 | Create | Villager (Male) |
| 20:57 | Create | Villager (Male) |
| 21:06 | Build | Lumber Camp |
| 21:21 | Build | House |
| 21:21 | Build | House |
| 21:30 | Create | Villager (Male) |
| 21:39 | Build | Farm |
| 21:42 | Create | Villager (Male) |
| 21:45 | Research | Gold Mining |
| 22:04 | Build | University |
| 22:10 | Create | Villager (Male) |
| 22:10 | Create | Villager (Male) |
| 22:22 | Build | Monastery |
| 22:25 | Create | Villager (Male) |
| 22:25 | Create | Villager (Male) |
| 22:25 | Create | Villager (Male) |
| 22:44 | Build | Farm |
| 22:47 | Create | Villager (Male) |
| 22:47 | Create | Villager (Male) |
| 23:01 | Build | House |
| 23:02 | Build | House |
| 23:28 | Research | Imperial Age |
| 23:29 | Create | Villager (Male) |
| 23:29 | Create | Villager (Male) |
| 23:42 | Build | Barracks |
| 23:52 | Create | Villager (Male) |
Build order — Simvall
First 150 of 499 actions detected
| 0:02 | Create | Villager (Male) |
| 0:02 | Create | Villager (Male) |
| 0:02 | Create | Villager (Male) |
| 0:02 | Create | Villager (Male) |
| 0:03 | Build | House |
| 0:07 | Build | House |
| 1:33 | Create | Villager (Male) |
| 1:33 | Create | Villager (Male) |
| 1:54 | Create | Villager (Male) |
| 1:54 | Create | Villager (Male) |
| 2:27 | Create | Villager (Male) |
| 2:28 | Create | Villager (Male) |
| 2:36 | Build | Lumber Camp |
| 2:53 | Create | Villager (Male) |
| 2:54 | Create | Villager (Male) |
| 3:39 | Build | House |
| 3:40 | Build | House |
| 3:51 | Create | Villager (Male) |
| 3:51 | Create | Villager (Male) |
| 3:51 | Create | Villager (Male) |
| 4:23 | Create | Villager (Male) |
| 4:33 | Create | Villager (Male) |
| 4:33 | Create | Villager (Male) |
| 4:33 | Create | Villager (Male) |
| 4:34 | Create | Villager (Male) |
| 4:48 | Create | Villager (Male) |
| 4:48 | Create | Villager (Male) |
| 4:51 | Build | House |
| 5:30 | Build | Mill |
| 6:15 | Create | Villager (Male) |
| 6:15 | Create | Villager (Male) |
| 6:16 | Create | Villager (Male) |
| 6:16 | Create | Villager (Male) |
| 7:23 | Build | Mill |
| 7:34 | Create | Villager (Male) |
| 7:35 | Create | Villager (Male) |
| 7:38 | Build | Mining Camp |
| 8:07 | Research | Loom |
| 9:00 | Create | Villager (Male) |
| 9:21 | Research | Feudal Age |
| 9:21 | Research | Feudal Age |
| 11:04 | Create | Villager (Male) |
| 11:05 | Create | Villager (Male) |
| 11:35 | Age | Feudal Age |
| 11:38 | Build | Market |
| 11:40 | Build | Blacksmith |
| 11:56 | Create | Villager (Male) |
| 12:31 | Research | Castle Age |
| 12:32 | Research | Castle Age |
| 12:32 | Research | Castle Age |
| 12:57 | Build | House |
| 12:59 | Build | House |
| 13:03 | Research | Double-Bit Axe |
| 13:57 | Research | Horse Collar |
| 13:57 | Research | Horse Collar |
| 14:44 | Create | Villager (Male) |
| 14:44 | Create | Villager (Male) |
| 15:11 | Age | Castle Age |
| 15:15 | Build | Town Center |
| 15:20 | Build | Town Center |
| 15:35 | Research | Bow Saw |
| 15:35 | Research | Bow Saw |
| 15:49 | Research | Heavy Plow |
| 15:52 | Research | Wheelbarrow |
| 16:09 | Build | Farm |
| 16:23 | Build | Farm |
| 16:34 | Build | Farm |
| 16:47 | Build | Farm |
| 16:57 | Create | Villager (Male) |
| 17:06 | Create | Villager (Male) |
| 17:07 | Create | Villager (Male) |
| 17:07 | Create | Villager (Male) |
| 17:07 | Create | Villager (Male) |
| 17:09 | Build | Farm |
| 17:12 | Build | Farm |
| 17:22 | Create | Villager (Male) |
| 17:22 | Create | Villager (Male) |
| 17:30 | Build | Farm |
| 17:32 | Build | Farm |
| 17:39 | Build | Farm |
| 17:40 | Create | Villager (Male) |
| 17:40 | Create | Villager (Male) |
| 17:46 | Create | Villager (Male) |
| 18:09 | Create | Villager (Male) |
| 18:13 | Build | Farm |
| 18:15 | Build | Farm |
| 18:19 | Create | Villager (Male) |
| 18:19 | Create | Villager (Male) |
| 18:23 | Build | Farm |
| 18:24 | Create | Villager (Male) |
| 18:25 | Create | Villager (Male) |
| 18:26 | Build | Farm |
| 18:34 | Create | Villager (Male) |
| 19:03 | Create | Villager (Male) |
| 19:04 | Create | Villager (Male) |
| 19:04 | Create | Villager (Male) |
| 19:04 | Create | Villager (Male) |
| 19:28 | Create | Villager (Male) |
| 19:28 | Create | Villager (Male) |
| 19:32 | Build | Town Center |
| 19:35 | Create | Villager (Male) |
| 19:36 | Create | Villager (Male) |
| 19:36 | Create | Villager (Male) |
| 19:49 | Build | House |
| 19:50 | Build | Farm |
| 19:51 | Create | Villager (Male) |
| 19:52 | Create | Villager (Male) |
| 19:59 | Build | Farm |
| 20:00 | Create | Villager (Male) |
| 20:01 | Create | Villager (Male) |
| 20:01 | Create | Villager (Male) |
| 20:18 | Build | House |
| 20:18 | Build | House |
| 20:21 | Create | Villager (Male) |
| 20:24 | Build | Farm |
| 20:25 | Create | Villager (Male) |
| 20:30 | Build | Farm |
| 20:31 | Create | Villager (Male) |
| 20:31 | Create | Villager (Male) |
| 20:37 | Create | Villager (Male) |
| 20:37 | Create | Villager (Male) |
| 20:50 | Create | Villager (Male) |
| 20:50 | Create | Villager (Male) |
| 20:57 | Create | Trade Cart |
| 21:03 | Create | Villager (Male) |
| 21:03 | Create | Villager (Male) |
| 21:08 | Create | Villager (Male) |
| 21:17 | Build | House |
| 21:20 | Build | House |
| 21:21 | Build | House |
| 21:24 | Create | Villager (Male) |
| 21:25 | Create | Villager (Male) |
| 21:28 | Build | Farm |
| 21:29 | Build | Farm |
| 21:30 | Build | Farm |
| 21:32 | Create | Villager (Male) |
| 21:32 | Create | Villager (Male) |
| 21:37 | Create | Trade Cart |
| 21:37 | Create | Trade Cart |
| 21:49 | Create | Villager (Male) |
| 21:54 | Build | Farm |
| 22:02 | Build | Farm |
| 22:05 | Build | Farm |
| 22:06 | Create | Villager (Male) |
| 22:10 | Create | Villager (Male) |
| 22:17 | Build | Farm |
| 22:23 | Build | House |
| 22:25 | Build | House |
| 22:26 | Build | House |
| 22:32 | Build | Farm |
Build order — RoR | Vodka_L_
First 150 of 432 actions detected
| 0:00 | Create | Villager (Male) |
| 0:01 | Build | House |
| 0:02 | Build | House |
| 0:11 | Create | Villager (Male) |
| 0:11 | Create | Villager (Male) |
| 0:40 | Create | Villager (Male) |
| 1:32 | Build | Lumber Camp |
| 1:33 | Create | Villager (Male) |
| 1:33 | Create | Villager (Male) |
| 1:51 | Create | Villager (Male) |
| 2:23 | Create | Villager (Male) |
| 2:57 | Create | Villager (Male) |
| 3:16 | Create | Villager (Male) |
| 3:40 | Build | House |
| 3:51 | Create | Villager (Male) |
| 4:12 | Create | Villager (Male) |
| 4:23 | Build | Dock |
| 4:40 | Create | Villager (Male) |
| 5:07 | Create | Villager (Male) |
| 5:08 | Create | Fishing Ship |
| 5:11 | Build | House |
| 5:22 | Create | Villager (Male) |
| 5:42 | Create | Fishing Ship |
| 5:48 | Create | Villager (Male) |
| 6:05 | Create | Fishing Ship |
| 6:09 | Build | House |
| 6:20 | Create | Villager (Male) |
| 6:32 | Create | Villager (Male) |
| 6:45 | Create | Fishing Ship |
| 7:06 | Create | Villager (Male) |
| 7:06 | Create | Villager (Male) |
| 7:08 | Build | Lumber Camp |
| 7:31 | Create | Villager (Male) |
| 7:46 | Build | House |
| 8:15 | Create | Villager (Male) |
| 8:21 | Create | Fishing Ship |
| 8:33 | Build | Mining Camp |
| 8:36 | Create | Villager (Male) |
| 8:53 | Create | Fishing Ship |
| 8:58 | Build | House |
| 9:12 | Create | Villager (Male) |
| 9:23 | Create | Fishing Ship |
| 9:42 | Create | Villager (Male) |
| 9:51 | Build | Mill |
| 9:54 | Research | Feudal Age |
| 9:54 | Research | Feudal Age |
| 10:24 | Create | Fishing Ship |
| 10:57 | Build | Mill |
| 11:34 | Create | Villager (Male) |
| 11:35 | Create | Villager (Male) |
| 12:09 | Create | Fishing Ship |
| 12:18 | Age | Feudal Age |
| 12:19 | Build | Market |
| 12:22 | Build | Blacksmith |
| 12:24 | Build | Fish Trap |
| 12:25 | Build | Fish Trap |
| 12:33 | Build | Fish Trap |
| 12:43 | Build | Fish Trap |
| 12:58 | Build | Fish Trap |
| 13:08 | Research | Castle Age |
| 13:18 | Research | Double-Bit Axe |
| 13:24 | Build | Fish Trap |
| 13:31 | Build | House |
| 13:42 | Build | Fish Trap |
| 13:54 | Research | Tech 906 |
| 13:54 | Research | Tech 906 |
| 14:03 | Build | Fish Trap |
| 14:27 | Build | Dock |
| 14:36 | Build | House |
| 14:47 | Create | Villager (Male) |
| 14:49 | Create | Fishing Ship |
| 14:54 | Build | House |
| 14:56 | Build | House |
| 15:10 | Create | Fishing Ship |
| 15:34 | Build | Fish Trap |
| 15:48 | Age | Castle Age |
| 15:50 | Build | Town Center |
| 15:56 | Research | Bow Saw |
| 16:04 | Build | Town Center |
| 16:06 | Create | Villager (Male) |
| 16:17 | Research | Gillnets |
| 16:17 | Research | Gillnets |
| 16:28 | Create | Fishing Ship |
| 16:31 | Create | Villager (Male) |
| 16:36 | Build | Fish Trap |
| 16:45 | Create | Villager (Male) |
| 16:50 | Build | House |
| 16:51 | Build | House |
| 17:00 | Create | Fishing Ship |
| 17:03 | Create | Villager (Male) |
| 17:07 | Create | Villager (Male) |
| 17:10 | Build | Fish Trap |
| 17:12 | Create | Fishing Ship |
| 17:17 | Create | Villager (Male) |
| 17:25 | Create | Villager (Male) |
| 17:25 | Create | Villager (Male) |
| 17:27 | Create | Villager (Male) |
| 17:29 | Create | Villager (Male) |
| 17:35 | Create | Villager (Male) |
| 17:37 | Create | Fishing Ship |
| 17:38 | Create | Fishing Ship |
| 17:42 | Build | Fish Trap |
| 17:45 | Create | Villager (Male) |
| 17:51 | Build | House |
| 18:02 | Build | Fish Trap |
| 18:07 | Create | Fishing Ship |
| 18:07 | Create | Fishing Ship |
| 18:09 | Create | Villager (Male) |
| 18:15 | Research | Horse Collar |
| 18:35 | Create | Villager (Male) |
| 18:38 | Build | Fish Trap |
| 18:40 | Build | Fish Trap |
| 18:43 | Create | Villager (Male) |
| 18:50 | Create | Villager (Male) |
| 18:58 | Create | Villager (Male) |
| 19:00 | Create | Fishing Ship |
| 19:00 | Create | Fishing Ship |
| 19:04 | Build | Fish Trap |
| 19:09 | Create | Fishing Ship |
| 19:11 | Create | Villager (Male) |
| 19:11 | Create | Villager (Male) |
| 19:18 | Create | Villager (Male) |
| 19:22 | Build | Fish Trap |
| 19:26 | Create | Villager (Male) |
| 19:29 | Create | Villager (Male) |
| 19:33 | Build | Town Center |
| 19:35 | Research | Wheelbarrow |
| 19:45 | Create | Villager (Male) |
| 19:50 | Build | Fish Trap |
| 20:00 | Build | Fish Trap |
| 20:03 | Create | Fishing Ship |
| 20:04 | Create | Villager (Male) |
| 20:05 | Create | Villager (Male) |
| 20:14 | Research | Heavy Plow |
| 20:16 | Build | Farm |
| 20:17 | Build | Farm |
| 20:18 | Build | Farm |
| 20:19 | Create | Villager (Male) |
| 20:22 | Build | Farm |
| 20:23 | Create | Villager (Male) |
| 20:23 | Create | Villager (Male) |
| 20:27 | Build | Farm |
| 20:29 | Build | Farm |
| 20:30 | Create | Villager (Male) |
| 20:32 | Create | Villager (Male) |
| 20:47 | Create | Fishing Ship |
| 20:48 | Create | Villager (Male) |
| 20:48 | Create | Villager (Male) |
| 20:53 | Build | Farm |
| 20:55 | Build | Farm |
Build order — 01DarkDevil
First 150 of 358 actions detected
| 0:00 | Create | Villager (Male) |
| 0:00 | Create | Villager (Male) |
| 0:01 | Create | Villager (Male) |
| 0:01 | Create | Villager (Male) |
| 0:02 | Build | House |
| 0:03 | Build | House |
| 0:21 | Research | Loom |
| 0:22 | Create | Villager (Male) |
| 0:22 | Create | Villager (Male) |
| 0:54 | Create | Villager (Male) |
| 0:54 | Create | Villager (Male) |
| 1:10 | Build | Palisade Wall |
| 1:49 | Build | Lumber Camp |
| 2:05 | Create | Villager (Male) |
| 2:45 | Create | Villager (Male) |
| 2:45 | Create | Villager (Male) |
| 3:14 | Create | Villager (Male) |
| 3:42 | Create | Villager (Male) |
| 4:07 | Create | Villager (Male) |
| 4:33 | Build | House |
| 4:43 | Create | Villager (Male) |
| 4:59 | Create | Villager (Male) |
| 5:24 | Create | Villager (Male) |
| 6:04 | Create | Villager (Male) |
| 6:06 | Create | Villager (Male) |
| 6:19 | Create | Villager (Male) |
| 6:28 | Build | House |
| 6:41 | Build | Palisade Wall |
| 6:45 | Build | Palisade Wall |
| 6:58 | Create | Villager (Male) |
| 7:21 | Create | Villager (Male) |
| 7:26 | Build | Mill |
| 7:34 | Build | Palisade Wall |
| 7:35 | Build | Palisade Wall |
| 7:56 | Create | Villager (Male) |
| 8:24 | Create | Villager (Male) |
| 8:25 | Create | Villager (Male) |
| 8:37 | Build | House |
| 9:14 | Create | Villager (Male) |
| 9:14 | Create | Villager (Male) |
| 10:11 | Create | Villager (Male) |
| 10:25 | Create | Villager (Male) |
| 10:48 | Build | Mining Camp |
| 10:59 | Research | Feudal Age |
| 11:12 | Build | Lumber Camp |
| 12:26 | Create | Villager (Male) |
| 12:26 | Create | Villager (Male) |
| 13:15 | Age | Feudal Age |
| 13:16 | Build | Market |
| 13:22 | Build | Blacksmith |
| 13:44 | Research | Double-Bit Axe |
| 14:24 | Research | Castle Age |
| 14:29 | Research | Horse Collar |
| 14:38 | Build | Stone Wall |
| 14:42 | Build | Stone Wall |
| 14:53 | Build | Stone Wall |
| 14:55 | Build | Stone Wall |
| 15:00 | Build | Farm |
| 15:02 | Build | Farm |
| 15:03 | Build | Farm |
| 15:05 | Build | Farm |
| 15:06 | Build | Farm |
| 15:08 | Build | Farm |
| 15:14 | Build | Farm |
| 15:16 | Build | Farm |
| 15:34 | Build | House |
| 15:35 | Build | House |
| 15:36 | Build | House |
| 15:36 | Build | House |
| 16:04 | Build | Farm |
| 16:29 | Create | Villager (Male) |
| 16:29 | Create | Villager (Male) |
| 16:46 | Research | Wheelbarrow |
| 17:04 | Age | Castle Age |
| 17:07 | Build | Town Center |
| 17:13 | Build | Town Center |
| 17:39 | Research | Bow Saw |
| 17:56 | Build | House |
| 17:56 | Build | House |
| 18:14 | Create | Villager (Male) |
| 18:14 | Create | Villager (Male) |
| 18:33 | Create | Villager (Male) |
| 18:33 | Create | Villager (Male) |
| 18:41 | Create | Villager (Male) |
| 18:41 | Create | Villager (Male) |
| 18:54 | Build | Town Center |
| 19:07 | Research | Heavy Plow |
| 19:09 | Create | Villager (Male) |
| 19:10 | Create | Villager (Male) |
| 19:22 | Build | Farm |
| 19:23 | Create | Villager (Male) |
| 19:28 | Build | Farm |
| 19:28 | Create | Villager (Male) |
| 19:33 | Build | Farm |
| 19:35 | Build | Farm |
| 19:40 | Build | Farm |
| 19:40 | Create | Villager (Male) |
| 19:43 | Build | Farm |
| 19:50 | Build | House |
| 19:51 | Create | Villager (Male) |
| 19:53 | Build | House |
| 20:04 | Build | Farm |
| 20:05 | Create | Villager (Male) |
| 20:14 | Build | Farm |
| 20:21 | Build | Farm |
| 20:22 | Build | Farm |
| 20:24 | Create | Villager (Male) |
| 20:24 | Create | Villager (Male) |
| 20:29 | Create | Villager (Male) |
| 20:31 | Build | Farm |
| 20:33 | Build | Farm |
| 20:33 | Create | Villager (Male) |
| 20:37 | Build | Farm |
| 20:39 | Create | Villager (Male) |
| 20:43 | Build | Farm |
| 20:49 | Build | Farm |
| 20:58 | Build | Monastery |
| 21:03 | Create | Villager (Male) |
| 21:04 | Create | Villager (Male) |
| 21:05 | Create | Villager (Male) |
| 21:06 | Create | Villager (Male) |
| 21:09 | Build | Farm |
| 21:14 | Create | Villager (Male) |
| 21:18 | Build | Farm |
| 21:20 | Build | Farm |
| 21:21 | Create | Villager (Male) |
| 21:28 | Create | Villager (Male) |
| 21:32 | Build | House |
| 21:33 | Build | House |
| 21:38 | Build | Farm |
| 21:43 | Build | Farm |
| 21:44 | Create | Villager (Male) |
| 21:45 | Create | Monk |
| 21:49 | Build | Farm |
| 21:51 | Build | Farm |
| 21:53 | Build | Farm |
| 21:54 | Create | Villager (Male) |
| 21:58 | Create | Villager (Male) |
| 21:58 | Create | Villager (Male) |
| 22:00 | Create | Villager (Male) |
| 22:00 | Create | Villager (Male) |
| 22:01 | Create | Villager (Male) |
| 22:09 | Build | Farm |
| 22:09 | Create | Villager (Male) |
| 22:10 | Create | Villager (Male) |
| 22:16 | Build | Farm |
| 22:18 | Create | Villager (Male) |
| 22:18 | Create | Villager (Male) |
| 22:26 | Create | Villager (Male) |
| 22:28 | Create | Villager (Male) |
Build order — RoR | Ammiraglio
First 150 of 492 actions detected
| 0:05 | Create | Villager (Male) |
| 0:05 | Create | Villager (Male) |
| 0:05 | Build | House |
| 0:06 | Build | House |
| 0:15 | Create | Villager (Male) |
| 0:25 | Create | Villager (Male) |
| 0:25 | Create | Villager (Male) |
| 1:34 | Create | Villager (Male) |
| 1:34 | Create | Villager (Male) |
| 1:51 | Build | Lumber Camp |
| 2:02 | Create | Villager (Male) |
| 2:02 | Create | Villager (Male) |
| 2:20 | Create | Villager (Male) |
| 2:20 | Create | Villager (Male) |
| 2:46 | Create | Villager (Male) |
| 3:03 | Create | Villager (Male) |
| 3:03 | Create | Villager (Male) |
| 3:03 | Create | Villager (Male) |
| 3:32 | Research | Loom |
| 3:50 | Create | Villager (Male) |
| 3:50 | Create | Villager (Male) |
| 3:51 | Create | Villager (Male) |
| 3:55 | Build | House |
| 4:10 | Create | Villager (Male) |
| 4:10 | Create | Villager (Male) |
| 4:18 | Create | Villager (Male) |
| 4:18 | Create | Villager (Male) |
| 4:36 | Create | Villager (Male) |
| 4:36 | Create | Villager (Male) |
| 4:36 | Create | Villager (Male) |
| 5:17 | Create | Villager (Male) |
| 5:17 | Create | Villager (Male) |
| 5:20 | Build | House |
| 5:40 | Build | Dock |
| 5:44 | Create | Villager (Male) |
| 5:44 | Create | Villager (Male) |
| 6:01 | Build | Palisade Wall |
| 6:02 | Build | Palisade Wall |
| 6:10 | Build | Palisade Wall |
| 6:22 | Create | Villager (Male) |
| 6:32 | Create | Villager (Male) |
| 6:35 | Create | Fishing Ship |
| 6:36 | Create | Fishing Ship |
| 6:36 | Create | Fishing Ship |
| 6:45 | Build | Outpost |
| 6:49 | Create | Villager (Male) |
| 7:08 | Create | Villager (Male) |
| 7:27 | Create | Villager (Male) |
| 7:29 | Build | House |
| 7:30 | Build | House |
| 7:36 | Create | Villager (Male) |
| 7:55 | Create | Villager (Male) |
| 8:14 | Create | Villager (Male) |
| 8:22 | Create | Fishing Ship |
| 8:22 | Create | Fishing Ship |
| 8:37 | Create | Villager (Male) |
| 8:46 | Build | Mill |
| 8:58 | Create | Villager (Male) |
| 9:09 | Build | Mill |
| 9:32 | Create | Villager (Male) |
| 9:43 | Build | Mining Camp |
| 10:19 | Research | Feudal Age |
| 10:19 | Research | Feudal Age |
| 10:22 | Build | Mining Camp |
| 10:37 | Create | Fishing Ship |
| 10:37 | Create | Fishing Ship |
| 11:00 | Build | House |
| 11:01 | Build | House |
| 11:03 | Create | Fishing Ship |
| 11:04 | Create | Fishing Ship |
| 11:39 | Create | Villager (Male) |
| 11:39 | Create | Villager (Male) |
| 12:42 | Age | Feudal Age |
| 12:45 | Build | Stone Wall |
| 12:47 | Build | Stone Wall |
| 12:49 | Build | Market |
| 12:50 | Build | Blacksmith |
| 12:54 | Research | Double-Bit Axe |
| 12:54 | Research | Double-Bit Axe |
| 13:10 | Build | Stone Wall |
| 13:10 | Build | Stone Wall |
| 13:10 | Build | Stone Wall |
| 13:13 | Build | Stone Wall |
| 13:14 | Build | Stone Wall |
| 13:22 | Build | Stone Wall |
| 13:29 | Build | Lumber Camp |
| 13:37 | Research | Castle Age |
| 13:37 | Research | Castle Age |
| 13:37 | Research | Castle Age |
| 13:37 | Research | Castle Age |
| 13:37 | Research | Castle Age |
| 13:37 | Research | Castle Age |
| 13:37 | Research | Castle Age |
| 13:37 | Research | Castle Age |
| 13:55 | Build | Fish Trap |
| 13:57 | Create | Fishing Ship |
| 13:57 | Create | Fishing Ship |
| 13:57 | Create | Fishing Ship |
| 14:39 | Build | Stone Wall |
| 14:39 | Build | Stone Wall |
| 14:40 | Build | Stone Wall |
| 14:41 | Build | Stone Wall |
| 14:44 | Build | Stone Wall |
| 14:55 | Build | Fish Trap |
| 14:57 | Research | Tech 906 |
| 15:05 | Build | Fish Trap |
| 15:13 | Create | Villager (Male) |
| 15:13 | Create | Villager (Male) |
| 15:20 | Build | Fish Trap |
| 15:35 | Build | Stone Wall |
| 15:36 | Build | Stone Wall |
| 15:36 | Build | Stone Wall |
| 16:00 | Build | House |
| 16:00 | Build | House |
| 16:17 | Age | Castle Age |
| 16:19 | Build | University |
| 16:26 | Build | Monastery |
| 16:29 | Build | University |
| 16:39 | Build | Siege Workshop |
| 17:30 | Build | Fish Trap |
| 17:37 | Research | Imperial Age |
| 18:03 | Build | Barracks |
| 18:17 | Create | Fishing Ship |
| 18:17 | Create | Fishing Ship |
| 18:33 | Build | Mining Camp |
| 18:55 | Build | House |
| 18:55 | Build | House |
| 18:55 | Build | House |
| 19:07 | Build | Archery Range |
| 19:09 | Build | Archery Range |
| 19:13 | Create | Villager (Male) |
| 19:16 | Research | Bow Saw |
| 19:58 | Build | Siege Workshop |
| 20:07 | Build | Archery Range |
| 20:19 | Build | Fish Trap |
| 20:25 | Research | Gillnets |
| 20:29 | Build | Fish Trap |
| 20:47 | Age | Imperial Age |
| 20:53 | Research | Chemistry |
| 20:53 | Research | Chemistry |
| 20:55 | Create | Villager (Male) |
| 21:08 | Build | Archery Range |
| 21:13 | Build | House |
| 21:14 | Build | House |
| 21:16 | Build | House |
| 21:34 | Create | Villager (Male) |
| 21:34 | Create | Villager (Male) |
| 21:34 | Create | Villager (Male) |
| 21:42 | Create | Cavalry Archer |
| 21:43 | Create | Cavalry Archer |
Match timeline
| 1:10 | 01DarkDevil · wall_segment Palisade Wall x8 |
| 2:37 | MrDJM · wall_segment Palisade Wall x9 |
| 3:34 | MrDJM · wall_segment Palisade Wall x8 |
| 3:36 | MrDJM · wall_segment Palisade Wall x3 |
| 3:37 | Malelf · wall_segment Palisade Wall x10 |
| 4:05 | MrDJM · wall_segment Palisade Wall x1 |
| 4:13 | MrDJM · wall_segment Palisade Wall x2 |
| 4:20 | Marco Aurelio · first_building Dock |
| 4:23 | RoR | Vodka_L_ · first_building Dock |
| 5:19 | MrDJM · wall_segment Palisade Wall x4 |
| 5:35 | Malelf · wall_segment Palisade Wall x11 |
| 5:40 | RoR | Ammiraglio · first_building Dock |
| 6:01 | RoR | Ammiraglio · wall_segment Palisade Wall x5 |
| 6:02 | RoR | Ammiraglio · wall_segment Palisade Wall x5 |
| 6:04 | Malelf · wall_segment Palisade Wall x1 |
| 6:06 | Malelf · wall_segment Palisade Wall x1 |
| 6:09 | Malelf · wall_segment Palisade Wall x1 |
| 6:10 | RoR | Ammiraglio · wall_segment Palisade Wall x1 |
| 6:15 | Malelf · wall_segment Palisade Wall x1 |
| 6:41 | 01DarkDevil · wall_segment Palisade Wall x5 |
| 6:45 | 01DarkDevil · wall_segment Palisade Wall x4 |
| 7:01 | Malelf · wall_segment Palisade Wall x1 |
| 7:04 | Malelf · wall_segment Palisade Wall x1 |
| 7:07 | Malelf · wall_segment Palisade Wall x1 |
| 7:11 | Malelf · wall_segment Palisade Wall x1 |
| 7:13 | Malelf · wall_segment Palisade Wall x1 |
| 7:15 | Malelf · wall_segment Palisade Wall x1 |
| 7:21 | Malelf · wall_segment Palisade Wall x7 |
| 7:34 | 01DarkDevil · wall_segment Palisade Wall x4 |
| 7:35 | 01DarkDevil · wall_segment Palisade Wall x6 |
| 9:52 | MrDJM · first_building Dock |
| 10:36 | Dott_Berlu · age_up feudal |
| 11:06 | MrDJM · age_up feudal |
| 11:35 | Simvall · age_up feudal |
| 11:39 | MrDJM · wall_segment Stone Wall x7 |
| 11:48 | Marco Aurelio · age_up feudal |
| 12:08 | Malelf · age_up feudal |
| 12:16 | Malelf · wall_segment Stone Wall x10 |
| 12:18 | RoR | Vodka_L_ · age_up feudal |
| 12:42 | RoR | Ammiraglio · age_up feudal |
| 12:42 | MrDJM · wall_segment Stone Wall x1 |
| 12:45 | RoR | Ammiraglio · wall_segment Stone Wall x3 |
| 12:47 | RoR | Ammiraglio · wall_segment Stone Wall x7 |
| 12:55 | MrDJM · wall_segment Stone Wall x2 |
| 13:06 | Malelf · wall_segment Stone Wall x20 |
| 13:10 | RoR | Ammiraglio · wall_segment Stone Wall x1 |
| 13:10 | RoR | Ammiraglio · wall_segment Stone Wall x1 |
| 13:10 | RoR | Ammiraglio · wall_segment Stone Wall x1 |
| 13:13 | MrDJM · wall_segment Stone Wall x1 |
| 13:13 | RoR | Ammiraglio · wall_segment Stone Wall x1 |
| 13:14 | RoR | Ammiraglio · wall_segment Stone Wall x7 |
| 13:15 | 01DarkDevil · age_up feudal |
| 13:22 | RoR | Ammiraglio · wall_segment Stone Wall x1 |
| 13:24 | MrDJM · wall_segment Stone Wall x1 |
| 13:26 | Malelf · first_market_sell 100 wood |
| 13:41 | Malelf · wall_segment Stone Wall x5 |
| 13:47 | RoR | Ammiraglio · first_market_sell 100 stone |
| 13:49 | RoR | Ammiraglio · first_market_buy 100 wood |
| 13:59 | Malelf · wall_segment Stone Wall x4 |
| 14:07 | 01DarkDevil · first_market_sell 100 wood |
| 14:11 | Dott_Berlu · age_up castle |
| 14:15 | Malelf · first_market_buy 100 food |
| 14:28 | Marco Aurelio · age_up castle |
| 14:36 | Malelf · wall_segment Stone Wall x13 |
| 14:38 | 01DarkDevil · wall_segment Stone Wall x5 |
| 14:39 | RoR | Ammiraglio · wall_segment Stone Wall x1 |
| 14:39 | RoR | Ammiraglio · wall_segment Stone Wall x1 |
| 14:40 | RoR | Ammiraglio · wall_segment Stone Wall x1 |
| 14:41 | RoR | Ammiraglio · wall_segment Stone Wall x1 |
| 14:42 | 01DarkDevil · wall_segment Stone Wall x6 |
| 14:44 | RoR | Ammiraglio · wall_segment Stone Wall x7 |
| 14:53 | 01DarkDevil · wall_segment Stone Wall x3 |
| 14:53 | Malelf · wall_segment Stone Wall x3 |
| 14:55 | 01DarkDevil · wall_segment Stone Wall x6 |
| 14:58 | Malelf · wall_segment Stone Wall x4 |
| 14:58 | Dott_Berlu · first_market_buy 100 food |
| 15:01 | Malelf · wall_segment Stone Wall x6 |
| 15:10 | MrDJM · first_market_sell 100 wood |
| 15:11 | Simvall · age_up castle |
| 15:11 | MrDJM · first_market_buy 100 food |
| 15:34 | Simvall · first_market_buy 100 wood |
| 15:35 | RoR | Ammiraglio · wall_segment Stone Wall x1 |
| 15:36 | RoR | Ammiraglio · wall_segment Stone Wall x1 |
| 15:36 | RoR | Ammiraglio · wall_segment Stone Wall x1 |
| 15:37 | MrDJM · wall_segment Stone Wall x1 |
| 15:48 | RoR | Vodka_L_ · age_up castle |
| 15:58 | RoR | Vodka_L_ · first_market_buy 100 wood |
| 15:59 | MrDJM · wall_segment Stone Wall x1 |
| 16:17 | RoR | Ammiraglio · age_up castle |
| 16:26 | RoR | Ammiraglio · first_building Monastery |
| 16:33 | MrDJM · wall_segment Stone Wall x8 |
| 16:39 | RoR | Ammiraglio · first_building Siege Workshop |
| 16:56 | Malelf · age_up castle |
| 17:04 | 01DarkDevil · age_up castle |
| 17:37 | Marco Aurelio · first_market_buy 100 stone |
| 17:40 | MrDJM · wall_segment Stone Wall x4 |
| 17:41 | MrDJM · wall_segment Stone Wall x1 |
| 18:02 | MrDJM · wall_segment Stone Wall x1 |
| 18:03 | RoR | Ammiraglio · first_building Barracks |
| 18:05 | MrDJM · age_up castle |
| 19:07 | RoR | Ammiraglio · first_building Archery Range |
| 19:56 | MrDJM · wall_segment Palisade Wall x1 |
| 20:11 | Marco Aurelio · first_building Stable |
| 20:44 | Malelf · first_building Monastery |
| 20:47 | RoR | Ammiraglio · age_up imperial |
| 20:58 | 01DarkDevil · first_building Monastery |
| 21:08 | MrDJM · first_building Monastery |
| 21:25 | MrDJM · first_building Barracks |
| 21:30 | MrDJM · wall_segment Stone Wall x11 |
| 21:41 | Marco Aurelio · tribute_sent a jugador 1 |
| 21:41 | Marco Aurelio · tribute_sent a jugador 2 |
| 21:41 | Marco Aurelio · tribute_sent a jugador 3 |
| 21:41 | Marco Aurelio · tribute_sent a jugador 4 |
| 21:41 | Marco Aurelio · tribute_sent a jugador 5 |
| 21:41 | Marco Aurelio · tribute_sent a jugador 7 |
| 21:41 | Marco Aurelio · tribute_sent a jugador 8 |
| 21:56 | Dott_Berlu · first_market_sell 100 food |
| 22:19 | Marco Aurelio · tribute_sent a jugador 1 |
| 22:19 | Marco Aurelio · tribute_sent a jugador 2 |
| 22:19 | Marco Aurelio · tribute_sent a jugador 3 |
| 22:19 | Marco Aurelio · tribute_sent a jugador 4 |
| 22:19 | Marco Aurelio · tribute_sent a jugador 5 |
| 22:19 | Marco Aurelio · tribute_sent a jugador 7 |
| 22:19 | Marco Aurelio · tribute_sent a jugador 8 |
| 22:22 | Dott_Berlu · first_building Monastery |
| 22:25 | Marco Aurelio · tribute_sent a jugador 1 |
| 22:25 | Marco Aurelio · tribute_sent a jugador 2 |
| 22:25 | Marco Aurelio · tribute_sent a jugador 3 |
| 22:25 | Marco Aurelio · tribute_sent a jugador 4 |
| 22:25 | Marco Aurelio · tribute_sent a jugador 5 |
| 22:25 | Marco Aurelio · tribute_sent a jugador 7 |
| 22:25 | Marco Aurelio · tribute_sent a jugador 8 |
| 22:30 | MrDJM · wall_segment Stone Wall x2 |
| 22:32 | MrDJM · wall_segment Stone Wall x10 |
| 22:38 | Marco Aurelio · tribute_sent a jugador 1 |
| 22:38 | Marco Aurelio · tribute_sent a jugador 2 |
| 22:38 | Marco Aurelio · tribute_sent a jugador 3 |
| 22:38 | Marco Aurelio · tribute_sent a jugador 4 |
| 22:38 | Marco Aurelio · tribute_sent a jugador 5 |
| 22:38 | Marco Aurelio · tribute_sent a jugador 7 |
| 22:38 | Marco Aurelio · tribute_sent a jugador 8 |
| 22:44 | Simvall · wall_segment Stone Wall x1 |
| 22:44 | Simvall · wall_segment Stone Wall x5 |
| 22:52 | RoR | Vodka_L_ · first_building Monastery |
| 22:57 | Marco Aurelio · tribute_sent a jugador 1 |
| 22:57 | Marco Aurelio · tribute_sent a jugador 2 |
| 22:57 | Marco Aurelio · tribute_sent a jugador 3 |
| 22:57 | Marco Aurelio · tribute_sent a jugador 4 |
| 22:57 | Marco Aurelio · tribute_sent a jugador 5 |
| 22:57 | Marco Aurelio · tribute_sent a jugador 7 |
| 22:57 | Marco Aurelio · tribute_sent a jugador 8 |
| 23:08 | Marco Aurelio · tribute_sent a jugador 1 |
| 23:08 | Marco Aurelio · tribute_sent a jugador 2 |
| 23:08 | Marco Aurelio · tribute_sent a jugador 3 |
| 23:08 | Marco Aurelio · tribute_sent a jugador 4 |
| 23:08 | Marco Aurelio · tribute_sent a jugador 5 |
| 23:08 | Marco Aurelio · tribute_sent a jugador 7 |
| 23:08 | Marco Aurelio · tribute_sent a jugador 8 |
| 23:18 | Marco Aurelio · tribute_sent a jugador 1 |
| 23:18 | Marco Aurelio · tribute_sent a jugador 2 |
| 23:18 | Marco Aurelio · tribute_sent a jugador 3 |
| 23:18 | Marco Aurelio · tribute_sent a jugador 4 |
| 23:18 | Marco Aurelio · tribute_sent a jugador 5 |
| 23:18 | Marco Aurelio · tribute_sent a jugador 7 |
| 23:18 | Marco Aurelio · tribute_sent a jugador 8 |
| 23:42 | Dott_Berlu · first_building Barracks |
| 24:00 | MrDJM · wall_segment Stone Wall x2 |
| 24:02 | MrDJM · wall_segment Stone Wall x11 |
| 24:12 | MrDJM · wall_segment Stone Wall x3 |
| 25:05 | Marco Aurelio · tribute_sent a jugador 1 |
| 25:05 | Marco Aurelio · tribute_sent a jugador 2 |
| 25:05 | Marco Aurelio · tribute_sent a jugador 3 |
| 25:05 | Marco Aurelio · tribute_sent a jugador 4 |
| 25:05 | Marco Aurelio · tribute_sent a jugador 5 |
| 25:05 | Marco Aurelio · tribute_sent a jugador 7 |
| 25:05 | Marco Aurelio · tribute_sent a jugador 8 |
| 25:15 | RoR | Vodka_L_ · first_building Castle |
| 25:20 | Simvall · first_building Siege Workshop |
| 25:27 | MrDJM · wall_segment Stone Wall x4 |
| 25:31 | Simvall · first_building Castle |
| 25:34 | MrDJM · wall_segment Stone Wall x1 |
| 25:39 | 01DarkDevil · first_building Barracks |
| 25:58 | Marco Aurelio · tribute_sent a jugador 1 |
| 25:58 | Marco Aurelio · tribute_sent a jugador 2 |
| 25:58 | Marco Aurelio · tribute_sent a jugador 3 |
| 25:58 | Marco Aurelio · tribute_sent a jugador 4 |
| 25:58 | Marco Aurelio · tribute_sent a jugador 5 |
| 25:58 | Marco Aurelio · tribute_sent a jugador 7 |
| 25:58 | Marco Aurelio · tribute_sent a jugador 8 |
| 26:20 | 01DarkDevil · first_building Stable |
| 26:38 | Dott_Berlu · age_up imperial |
| 26:46 | MrDJM · wall_segment Stone Wall x3 |
| 26:48 | MrDJM · wall_segment Stone Wall x3 |
| 26:49 | MrDJM · wall_segment Stone Wall x1 |
| 26:57 | RoR | Vodka_L_ · first_building Siege Workshop |
| 27:16 | MrDJM · wall_segment Stone Wall x4 |
| 27:19 | RoR | Vodka_L_ · age_up imperial |
| 27:19 | MrDJM · wall_segment Stone Wall x1 |
| 27:24 | Malelf · wall_segment Stone Wall x11 |
| 27:25 | RoR | Vodka_L_ · first_building Barracks |
| 27:26 | MrDJM · wall_segment Stone Wall x7 |
| 27:26 | Simvall · first_building Barracks |
| 27:33 | Malelf · wall_segment Stone Wall x12 |
| 27:42 | Simvall · wall_segment Stone Wall x2 |
| 27:43 | Simvall · wall_segment Stone Wall x4 |
| 27:49 | 01DarkDevil · first_building Castle |
| 27:52 | Simvall · wall_segment Stone Wall x4 |
| 27:56 | Simvall · wall_segment Stone Wall x8 |
| 27:58 | Simvall · wall_segment Stone Wall x3 |
| 27:58 | Simvall · wall_segment Stone Wall x1 |
| 28:00 | Marco Aurelio · tribute_sent a jugador 1 |
| 28:00 | Marco Aurelio · tribute_sent a jugador 2 |
| 28:00 | Marco Aurelio · tribute_sent a jugador 3 |
| 28:00 | Marco Aurelio · tribute_sent a jugador 4 |
| 28:00 | Marco Aurelio · tribute_sent a jugador 5 |
| 28:00 | Marco Aurelio · tribute_sent a jugador 7 |
| 28:00 | Marco Aurelio · tribute_sent a jugador 8 |
| 28:00 | Simvall · wall_segment Stone Wall x5 |
| 28:02 | Simvall · wall_segment Stone Wall x5 |
| 28:12 | RoR | Vodka_L_ · first_market_sell 100 food |
| 28:17 | Malelf · first_building Castle |
| 28:31 | Simvall · first_building Archery Range |
| 28:32 | Malelf · first_building Siege Workshop |
| 28:33 | 01DarkDevil · age_up imperial |
| 29:05 | Malelf · wall_segment Stone Wall x9 |
| 29:10 | Malelf · wall_segment Stone Wall x7 |
| 29:23 | Malelf · wall_segment Stone Wall x8 |
| 29:27 | Simvall · age_up imperial |
| 29:33 | Malelf · first_building Barracks |
| 29:42 | Marco Aurelio · tribute_sent a jugador 1 |
| 29:42 | Marco Aurelio · tribute_sent a jugador 2 |
| 29:42 | Marco Aurelio · tribute_sent a jugador 3 |
| 29:42 | Marco Aurelio · tribute_sent a jugador 4 |
| 29:42 | Marco Aurelio · tribute_sent a jugador 5 |
| 29:42 | Marco Aurelio · tribute_sent a jugador 7 |
| 29:42 | Marco Aurelio · tribute_sent a jugador 8 |
| 29:55 | Malelf · wall_segment Stone Wall x12 |
| 30:05 | Marco Aurelio · first_building Castle |
| 30:25 | Simvall · first_market_sell 100 food |
| 30:44 | Malelf · wall_segment Stone Wall x5 |
| 30:49 | Dott_Berlu · first_building Siege Workshop |
| 30:51 | Malelf · wall_segment Stone Wall x6 |
| 31:00 | Marco Aurelio · tribute_sent a jugador 1 |
| 31:00 | Marco Aurelio · tribute_sent a jugador 2 |
| 31:00 | Marco Aurelio · tribute_sent a jugador 3 |
| 31:00 | Marco Aurelio · tribute_sent a jugador 4 |
| 31:00 | Marco Aurelio · tribute_sent a jugador 5 |
| 31:00 | Marco Aurelio · tribute_sent a jugador 7 |
| 31:00 | Marco Aurelio · tribute_sent a jugador 8 |
| 31:01 | Malelf · wall_segment Stone Wall x7 |
| 31:04 | RoR | Vodka_L_ · first_building Archery Range |
| 31:08 | Malelf · wall_segment Stone Wall x12 |
| 31:11 | RoR | Vodka_L_ · tribute_sent a jugador 1 |
| 31:11 | RoR | Vodka_L_ · tribute_sent a jugador 2 |
| 31:11 | RoR | Vodka_L_ · tribute_sent a jugador 3 |
| 31:11 | RoR | Vodka_L_ · tribute_sent a jugador 4 |
| 31:11 | RoR | Vodka_L_ · tribute_sent a jugador 6 |
| 31:11 | RoR | Vodka_L_ · tribute_sent a jugador 7 |
| 31:11 | RoR | Vodka_L_ · tribute_sent a jugador 8 |
| 31:18 | Malelf · wall_segment Stone Wall x8 |
| 31:21 | 01DarkDevil · tribute_sent a jugador 1 |
| 31:21 | 01DarkDevil · tribute_sent a jugador 2 |
| 31:21 | 01DarkDevil · tribute_sent a jugador 3 |
| 31:21 | 01DarkDevil · tribute_sent a jugador 4 |
| 31:21 | 01DarkDevil · tribute_sent a jugador 5 |
| 31:21 | 01DarkDevil · tribute_sent a jugador 6 |
| 31:21 | 01DarkDevil · tribute_sent a jugador 8 |
| 31:23 | Malelf · age_up imperial |
| 31:25 | 01DarkDevil · tribute_sent a jugador 1 |
| 31:25 | 01DarkDevil · tribute_sent a jugador 2 |
| 31:25 | 01DarkDevil · tribute_sent a jugador 3 |
| 31:25 | 01DarkDevil · tribute_sent a jugador 4 |
| 31:25 | 01DarkDevil · tribute_sent a jugador 5 |
| 31:25 | 01DarkDevil · tribute_sent a jugador 6 |
| 31:25 | 01DarkDevil · tribute_sent a jugador 8 |
| 31:26 | Malelf · wall_segment Stone Wall x7 |
| 31:31 | 01DarkDevil · tribute_sent a jugador 1 |
| 31:31 | 01DarkDevil · tribute_sent a jugador 2 |
| 31:31 | 01DarkDevil · tribute_sent a jugador 3 |
| 31:31 | 01DarkDevil · tribute_sent a jugador 4 |
| 31:31 | 01DarkDevil · tribute_sent a jugador 5 |
| 31:31 | 01DarkDevil · tribute_sent a jugador 6 |
| 31:31 | 01DarkDevil · tribute_sent a jugador 8 |
| 31:42 | 01DarkDevil · tribute_sent a jugador 1 |
| 31:42 | 01DarkDevil · tribute_sent a jugador 2 |
| 31:42 | 01DarkDevil · tribute_sent a jugador 3 |
| 31:42 | 01DarkDevil · tribute_sent a jugador 4 |
| 31:42 | 01DarkDevil · tribute_sent a jugador 5 |
| 31:42 | 01DarkDevil · tribute_sent a jugador 6 |
| 31:42 | 01DarkDevil · tribute_sent a jugador 8 |
| 31:52 | Simvall · wall_segment Stone Wall x5 |
| 31:52 | Simvall · wall_segment Stone Wall x9 |
| 31:58 | Marco Aurelio · tribute_sent a jugador 1 |
| 31:58 | Marco Aurelio · tribute_sent a jugador 2 |
| 31:58 | Marco Aurelio · tribute_sent a jugador 3 |
| 31:58 | Marco Aurelio · tribute_sent a jugador 4 |
| 31:58 | Marco Aurelio · tribute_sent a jugador 5 |
| 31:58 | Marco Aurelio · tribute_sent a jugador 7 |
| 31:58 | Marco Aurelio · tribute_sent a jugador 8 |
| 32:11 | Simvall · first_building Stable |
| 32:19 | Marco Aurelio · tribute_sent a jugador 1 |
| 32:19 | Marco Aurelio · tribute_sent a jugador 2 |
| 32:19 | Marco Aurelio · tribute_sent a jugador 3 |
| 32:19 | Marco Aurelio · tribute_sent a jugador 4 |
| 32:19 | Marco Aurelio · tribute_sent a jugador 5 |
| 32:19 | Marco Aurelio · tribute_sent a jugador 7 |
| 32:19 | Marco Aurelio · tribute_sent a jugador 8 |
| 32:32 | Malelf · wall_segment Stone Wall x43 |
| 32:40 | Malelf · wall_segment Stone Wall x10 |
| 32:42 | Marco Aurelio · tribute_sent a jugador 1 |
| 32:42 | Marco Aurelio · tribute_sent a jugador 2 |
| 32:42 | Marco Aurelio · tribute_sent a jugador 3 |
| 32:42 | Marco Aurelio · tribute_sent a jugador 4 |
| 32:42 | Marco Aurelio · tribute_sent a jugador 5 |
| 32:42 | Marco Aurelio · tribute_sent a jugador 7 |
| 32:42 | Marco Aurelio · tribute_sent a jugador 8 |
| 32:43 | RoR | Ammiraglio · wall_segment Stone Wall x5 |
| 32:44 | RoR | Ammiraglio · wall_segment Stone Wall x10 |
| 33:09 | Marco Aurelio · tribute_sent a jugador 1 |
| 33:09 | Marco Aurelio · tribute_sent a jugador 2 |
| 33:09 | Marco Aurelio · tribute_sent a jugador 3 |
| 33:09 | Marco Aurelio · tribute_sent a jugador 4 |
| 33:09 | Marco Aurelio · tribute_sent a jugador 5 |
| 33:09 | Marco Aurelio · tribute_sent a jugador 7 |
| 33:09 | Marco Aurelio · tribute_sent a jugador 8 |
| 33:16 | Simvall · wall_segment Stone Wall x15 |
| 33:23 | Malelf · wall_segment Palisade Wall x1 |
| 33:28 | RoR | Ammiraglio · wall_segment Stone Wall x1 |
| 33:45 | Dott_Berlu · first_building Castle |
| 33:56 | Simvall · wall_segment Stone Wall x13 |
| 33:57 | RoR | Ammiraglio · wall_segment Stone Wall x1 |
| 34:00 | RoR | Ammiraglio · wall_segment Stone Wall x4 |
| 34:01 | Simvall · wall_segment Stone Wall x11 |
| 34:04 | Simvall · wall_segment Stone Wall x9 |
| 34:04 | RoR | Ammiraglio · wall_segment Stone Wall x1 |
| 34:25 | RoR | Vodka_L_ · tribute_sent a jugador 1 |
| 34:25 | RoR | Vodka_L_ · tribute_sent a jugador 2 |
| 34:25 | RoR | Vodka_L_ · tribute_sent a jugador 3 |
| 34:25 | RoR | Vodka_L_ · tribute_sent a jugador 4 |
| 34:25 | RoR | Vodka_L_ · tribute_sent a jugador 6 |
| 34:25 | RoR | Vodka_L_ · tribute_sent a jugador 7 |
| 34:25 | RoR | Vodka_L_ · tribute_sent a jugador 8 |
| 34:28 | Marco Aurelio · first_market_sell 100 food |
| 34:29 | Malelf · wall_segment Palisade Wall x5 |
| 34:59 | Simvall · wall_segment Stone Wall x12 |
| 36:03 | RoR | Vodka_L_ · tribute_sent a jugador 1 |
| 36:03 | RoR | Vodka_L_ · tribute_sent a jugador 2 |
| 36:03 | RoR | Vodka_L_ · tribute_sent a jugador 3 |
| 36:03 | RoR | Vodka_L_ · tribute_sent a jugador 4 |
| 36:03 | RoR | Vodka_L_ · tribute_sent a jugador 6 |
| 36:03 | RoR | Vodka_L_ · tribute_sent a jugador 7 |
| 36:03 | RoR | Vodka_L_ · tribute_sent a jugador 8 |
| 36:15 | Simvall · wall_segment Stone Wall x16 |
| 36:18 | Simvall · wall_segment Stone Wall x1 |
| 38:36 | RoR | Ammiraglio · wall_segment Palisade Wall x1 |
| 38:55 | RoR | Vodka_L_ · tribute_sent a jugador 1 |
| 38:55 | RoR | Vodka_L_ · tribute_sent a jugador 2 |
| 38:55 | RoR | Vodka_L_ · tribute_sent a jugador 3 |
| 38:55 | RoR | Vodka_L_ · tribute_sent a jugador 4 |
| 38:55 | RoR | Vodka_L_ · tribute_sent a jugador 6 |
| 38:55 | RoR | Vodka_L_ · tribute_sent a jugador 7 |
| 38:55 | RoR | Vodka_L_ · tribute_sent a jugador 8 |
| 38:55 | 01DarkDevil · tribute_sent a jugador 1 |
| 38:55 | 01DarkDevil · tribute_sent a jugador 2 |
| 38:55 | 01DarkDevil · tribute_sent a jugador 3 |
| 38:55 | 01DarkDevil · tribute_sent a jugador 4 |
| 38:55 | 01DarkDevil · tribute_sent a jugador 5 |
| 38:55 | 01DarkDevil · tribute_sent a jugador 6 |
| 38:55 | 01DarkDevil · tribute_sent a jugador 8 |
| 39:23 | Marco Aurelio · wall_segment Stone Wall x7 |
| 39:27 | 01DarkDevil · first_market_buy 500 wood |
| 39:29 | RoR | Vodka_L_ · tribute_sent a jugador 1 |
| 39:29 | RoR | Vodka_L_ · tribute_sent a jugador 2 |
| 39:29 | RoR | Vodka_L_ · tribute_sent a jugador 3 |
| 39:29 | RoR | Vodka_L_ · tribute_sent a jugador 4 |
| 39:29 | RoR | Vodka_L_ · tribute_sent a jugador 6 |
| 39:29 | RoR | Vodka_L_ · tribute_sent a jugador 7 |
| 39:29 | RoR | Vodka_L_ · tribute_sent a jugador 8 |
| 39:32 | 01DarkDevil · tribute_sent a jugador 1 |
| 39:32 | 01DarkDevil · tribute_sent a jugador 2 |
| 39:32 | 01DarkDevil · tribute_sent a jugador 3 |
| 39:32 | 01DarkDevil · tribute_sent a jugador 4 |
| 39:32 | 01DarkDevil · tribute_sent a jugador 5 |
| 39:32 | 01DarkDevil · tribute_sent a jugador 6 |
| 39:32 | 01DarkDevil · tribute_sent a jugador 8 |
| 39:34 | 01DarkDevil · tribute_sent a jugador 1 |
| 39:34 | 01DarkDevil · tribute_sent a jugador 2 |
| 39:34 | 01DarkDevil · tribute_sent a jugador 3 |
| 39:34 | 01DarkDevil · tribute_sent a jugador 4 |
| 39:34 | 01DarkDevil · tribute_sent a jugador 5 |
| 39:34 | 01DarkDevil · tribute_sent a jugador 6 |
| 39:34 | 01DarkDevil · tribute_sent a jugador 8 |
| 39:58 | Marco Aurelio · age_up imperial |
| 41:02 | RoR | Ammiraglio · resign |
[ AI ANALYSIS · 1 CREDIT ]
What really happened in this match?
Wolo.gg analyzes every decision: build order, eco, micro, common mistakes by bracket. Personalized analysis on WhatsApp or Discord in 30 seconds.
Civ guide
Khmer
Perfil
Cagata Sonante